 Dungeon Sprint DCSS version 0.28.0-53-g5a82cb258f (webtiles) character file.

Game seed: 5408601714794805982

1633 Zeld the Thaumaturge (level 8, -3/41 HPs)
             Began as a Deep Elf Fire Elementalist on May 24, 2022.
             Was a Priest of Sif Muna.
             Slain by a two-headed ogre
             ... wielding a +0 giant club
              (32 damage)
             ... in the Dungeon (Sprint III: "The Ten Rune Challenge").
             The game lasted 00:03:13 (2115 turns).

Zeld the Thaumaturge (Deep Elf Fire Elementalist)   Turns: 2115, Time: 00:03:13

Health: -3/41      AC:  2    Str:  5    XL:     8   Next: 66%
Magic:  15/28      EV: 16    Int: 23    God:    Sif Muna [***...]
Gold:   32         SH:  0    Dex: 15    Spells: 25/35 levels left

rFire   . . .      SeeInvis .   (no weapon)
rCold   . . .      Faith    .   (no shield)
rNeg    . . .      Spirit   .   a - +0 robe
rPois   .          Reflect  .   (no helmet)
rElec   .          Harm     .   (no cloak)
rCorr   .          Rampage  .   (no gloves)
Will    .....      NoTele   +   (no boots)
Stlth   ++++......              (no amulet)
HPRegen 0.13/turn               (no ring)
MPRegen 0.21/turn               (no ring)

@: no status effects
A: no striking features
a: Renounce Religion, Channel Magic, Forget Spell


You were in the Dungeon.
You worshipped Sif Muna.
Sif Muna was most pleased with you.
You visited 1 branch You collected 32 gold pieces.

Inventory:

Armour
 a - a +0 robe (worn)
Wands
 k - a wand of digging (4)
Scrolls
 h - a scroll of immolation {unknown}
Potions
 b - a potion of curing
 c - 4 potions of heal wounds
 d - a potion of haste
 e - 2 potions of magic
 f - a potion of berserk rage
 i - 5 potions of mutation
 j - 2 potions of flight {unknown}


   Skills:
 - Level 8.0 Dodging
 - Level 8.0 Stealth
 - Level 14.0 Spellcasting
 + Level 8.3 Conjurations
 - Level 2.0 Hexes
 * Level 13.1 Fire Magic


You had 25 spell levels left.
You knew the following spells:

 Your Spells              Type           Power      Damage    Failure   Level
a - Foxfire               Conj/Fire      100%       2x1d9     1%          1
b - Scorch                Fire           100%       2d10      1%          2
c - Inner Flame           Hex/Fire       50%        N/A       1%          3
d - Flame Wave            Conj/Fire      60%        2d12      1%          4

Your spell library contained the following spells:

 Spells                   Type           Power      Damage    Failure   Level
 Conjure Flame            Conj/Fire      60%        6-21      1%          3
 Corpse Rot               Necr/Air       32%        N/A       5%          2
 Poisonous Vapours        Pois/Air       32%        N/A       5%          2
 Portal Projectile        Hex/Tloc       40%        N/A       8%          3
 Blade Hands              Tmut           8%         N/A       71%         5
 Excruciating Wounds      Necr           8%         N/A       71%         5


Dungeon Overview and Level Annotations

Branches:
Dungeon (1/1)

Altars:
Cheibriados
Dithmenos
Elyvilon
Fedhas
Gozag
Hepliaklqana
Kikubaaqudgha
Makhleb
Nemelex Xobeh
Okawaru
Qazlal
Ru
Sif Muna
Trog
Uskayaw
Vehumet
Wu Jian
Xom
Yredelemnul
Zin
The Shining One
Beogh
Jiyva
Lugonu

Annotations:
D Erolcha


Message History

Erolcha is heavily wounded.
Unknown command.
Casting: Scorch (safe; 1% risk of failure)
Confirm with . or Enter, or press ? or * to list all spells.
Casting: Flame Wave (dangerous; 1% risk of failure)
Press: ? - help, Dir - look around, f - activate A wave of flame ripples out!
The flame wave engulfs Erolcha!!
Erolcha is burned terribly!
Erolcha is severely wounded. (Press . to intensify the flame waves.) Unknown command.
A wave of flame ripples out!
The flame wave engulfs Erolcha!
Erolcha is burned terribly!
Erolcha is almost dead.
The flame wave engulfs the two-headed ogre.
The two-headed ogre is lightly wounded.
Erolcha casts a spell.
Erolcha blinks!
The two-headed ogre barely misses you.
The two-headed ogre hits you with a +0 giant club!
Unknown command.
Unknown command.
A wave of flame ripples out!
The flame wave engulfs the two-headed ogre.
The two-headed ogre is lightly wounded.
You finish channelling waves of flame.
Erolcha screams, "DIE!"
Unknown command.
Unknown command.
Unknown command.
Casting: Flame Wave (dangerous; 1% risk of failure)
Confirm with . or Enter, or press ? or * to list all spells.
Casting: Flame Wave (dangerous; 1% risk of failure)
Press: ? - help, Dir - look around, f - activate A wave of flame ripples out!
The flame wave engulfs the two-headed ogre!
The two-headed ogre is moderately wounded. (Press . to intensify the flame waves.)
The two-headed ogre hits you with a +0 giant club!!
Ouch! That really hurt!
You die...

### __# ._# )##
..# ..# #'#
..#+##############
..#....#.#.#.O..@#
..##.#..#.##.###O#
..'##.#.#.##)# .##
..#...#..#..##..
▓▓▓▓▓▓▓▓▓▓▓▓▓▓▓▓


You could see a two-headed ogre and Erolcha (combustible).

Vanquished Creatures
  A deep elf pyromancer (D)
  A shadow (D)
  A necrophage (D)
  4 two-headed ogres (D)
  A water elemental (D)
  A jelly (D)
  Jessica (D)
  A wizard (D)
  A necromancer (D)
  3 humans (D)
  A kobold demonologist (D)
  A phantom (D)
  2 rats (D)
19 creatures vanquished.

Vanquished Creatures (others)
  22 foxfires (D)
22 creatures vanquished.

Grand Total: 41 creatures vanquished

Notes
Turn   | Place    | Note
-------+----------+-------------------------------------------
     0 | D        | Zeld the Deep Elf Fire Elementalist began the quest for the
                  | Orb.
     0 | D        | Reached XP level 1. HP: 10/10 MP: 6/6
    98 | D        | Noticed Jessica
   104 | D        | Killed Jessica
   105 | D        | Reached skill level 5 in Spellcasting
   105 | D        | Reached skill level 5 in Fire Magic
   105 | D        | Reached XP level 2. HP: 10/15 MP: 1/10
   108 | D        | Learned a level 2 spell: Scorch
   264 | D        | Reached XP level 3. HP: 13/19 MP: 0/12
   268 | D        | Learned a level 3 spell: Inner Flame
   425 | D        | Reached skill level 6 in Spellcasting
   623 | D        | Noticed a water elemental
   631 | D        | Killed a water elemental
   632 | D        | Reached skill level 7 in Spellcasting
   632 | D        | Reached XP level 4. HP: 24/24 MP: 5/15
   745 | D        | Learned a level 4 spell: Flame Wave
   747 | D        | Found a radiant altar of Vehumet.
   747 | D        | Found a shimmering blue altar of Sif Muna.
   747 | D        | Found an ancient bone altar of Kikubaaqudgha.
   747 | D        | Noticed a wizard
   753 | D        | Killed a wizard
   754 | D        | Reached XP level 5. HP: 20/28 MP: 5/17
   760 | D        | Became a worshipper of Sif Muna the Loreminder
   835 | D        | Found a glowing silver altar of Zin.
   835 | D        | Found a glowing golden altar of the Shining One.
   835 | D        | Found a white marble altar of Elyvilon.
   836 | D        | Noticed a deep elf pyromancer
   839 | D        | Killed a deep elf pyromancer
   840 | D        | Reached skill level 11 in Spellcasting
   840 | D        | Reached skill level 5 in Conjurations
   840 | D        | Reached skill level 10 in Fire Magic
   840 | D        | Reached XP level 6. HP: 19/32 MP: 12/22
   840 | D        | Reached XP level 7. HP: 21/36 MP: 12/23
   952 | D        | Found a hide-covered altar of Uskayaw.
   952 | D        | Found an iron altar of Okawaru.
   952 | D        | Found a bloodstained altar of Trog.
   952 | D        | Found an ornate altar of the Wu Jian Council.
   952 | D        | Noticed a human
   954 | D        | Noticed a human
   965 | D        | Killed a human
   968 | D        | Killed a human
   968 | D        | Reached * piety under Sif Muna
   969 | D        | Reached skill level 12 in Spellcasting
  1096 | D        | Found a basalt altar of Yredelemnul.
  1096 | D        | Found a shadowy altar of Dithmenos.
  1096 | D        | Found a sacrificial altar of Ru.
  1358 | D        | Noticed a shadow
  1359 | D        | Reached ** piety under Sif Muna
  1362 | D        | Killed a shadow
  1363 | D        | Reached skill level 13 in Spellcasting
  1363 | D        | Reached XP level 8. HP: 41/41 MP: 17/27
  1415 | D        | Found a blossoming altar of Fedhas.
  1415 | D        | Found a stormy altar of Qazlal.
  1415 | D        | Found a snail-covered altar of Cheibriados.
  1415 | D        | Found a burning altar of Makhleb.
  1415 | D        | Found a shimmering altar of Xom.
  1416 | D        | Found a hazy altar of Hepliaklqana.
  1416 | D        | Found an opulent altar of Gozag.
  1416 | D        | Found a sparkling altar of Nemelex Xobeh.
  1416 | D        | Found a corrupted altar of Lugonu.
  1416 | D        | Found a viscous altar of Jiyva.
  1762 | D        | Reached *** piety under Sif Muna
  1914 | D        | Noticed a two-headed ogre
  1922 | D        | Killed a two-headed ogre
  1923 | D        | Reached skill level 14 in Spellcasting
  2109 | D        | Noticed Erolcha
  2110 | D        | Noticed a two-headed ogre
  2115 | D        | Slain by a two-headed ogre

Illustrated notes

Levels and vault maps discovered:
D:        dungeon_sprint_mu [sprint_mu_entry_forest, sprint_mu_temple_rooms,
          sprint_mu_d1_spiders, sprint_mu_d2_genie, sprint_mu_d3_branching,
          sprint_mu_orc_legion, sprint_mu_elf_gauntlet, sprint_mu_hive_nellie,
          sprint_mu_lair_fedhas, sprint_mu_vaults_butterflies,
          sprint_mu_slime_circle, sprint_mu_swamp_cave, sprint_mu_shoals_archi,
          sprint_mu_blade_basic, sprint_mu_crypt_chambers,
          sprint_mu_tomb_spiral, sprint_mu_vestibule_basic,
          sprint_mu_gehenna_hellfire, sprint_mu_dis_giant,
          sprint_mu_tartarus_statrot, sprint_mu_cocytus_islands, sprint_mu_zot1]

Skill      XL: |  1  2  3  4  5  6  7  8 |
---------------+-------------------------+-----
Spellcasting   | 5 7 11 13 14 | 14.0
Fire Magic     | 5 6 7 10 11 13 | 13.1
Dodging        | 3 4 7 8 |  8.0
Stealth        | 3 4 7 8 |  8.0
Conjurations   | 2 3 5 7 8 |  8.3
Hexes          | 2 |  2.0

Action                   |  1- 3 |  4- 6 |  7- 9 || total
-------------------------+-------+-------+-------++-------
Melee: Unarmed           |     1 |       |       ||     1
 Cast: Foxfire           |     9 |       |     5 ||    14
       Scorch            |     9 |     3 |    25 ||    37
       Flame Wave        |       |     1 |     5 ||     6
       Inner Flame       |       |       |     3 ||     3
  Use: Scroll            |     2 |       |     1 ||     3
       Potion            |       |       |     1 ||     1
Dodge: Dodged            |     3 |       |    28 ||    31
